 Dungeon Crawl Stone Soup version 0.31-a0-149-g3fdcc5976a (webtiles) character file.

Game seed: 2317475815646234961

205 billz999 the Sneak (level 5, -4/31 HPs)
             Began as an Octopode Earth Elementalist on June 7, 2023.
             Slain by a lemure (8 damage)
             ... led by Pikel
             ... on level 4 of the Dungeon.
             The game lasted 00:05:49 (2853 turns).

billz999 the Sneak (Octopode Earth Elementalist)    Turns: 2853, Time: 00:05:50

Health: -4/31      AC:  1    Str:  7    XL:     5   Next: 83%
Magic:  7/8        EV: 13    Int: 23    God:
Gold:   38         SH:  0    Dex: 10    Spells: 4/8 levels left

rFire   . . .        v - +8 flail "Bovisch" {holy, rN+ Int+3 Dex-2}
rCold   . . .        (no shield)
rNeg    + . .        (helmet restricted)
rPois   .            (no amulet)
rElec   .            d - ring of flight
rCorr   .            (no ring)
SInv    .            (no ring)
Will    .....        (no ring)
Stlth   +++++        (no ring)
HPRegen 0.25/turn    (no ring)
MPRegen 0.11/turn    (no ring)
                     (no ring)

%: no passive effects
@: flying
A: almost no armour, amphibious, 8 rings, camouflage 1, gelatinous body 1,
nimble swimmer 1, tentacles
a: no special abilities


You were on level 4 of the Dungeon.
You visited 1 branch of the dungeon, and saw 4 of its levels.

You collected 199 gold pieces.
You spent 161 gold pieces at shops.

Inventory:

Hand Weapons
 b - a +2 whip of distortion
 m - a +0 dagger of holy wrath
 q - a +0 sling
 v - the +8 flail "Bovisch" (weapon) {holy, rN+ Int+3 Dex-2}
   (You bought it in a shop on level 4 of the Dungeon)

   Int:       It affects your intelligence (+3).
   Dex:       It affects your dexterity (-2).
   rN:        It protects you from negative energy.
Missiles
 n - 6 datura-tipped darts
 p - 12 poisoned darts
Jewellery
 d - a ring of flight (left tentacle)
Scrolls
 f - 9 scrolls of identify {unknown}
 g - a scroll of vulnerability {unknown}
 h - a scroll of noise {unknown}
 i - 2 scrolls of amnesia {unknown}
 j - a scroll of silence {unknown}
 k - 2 scrolls of poison {unknown}
 o - a scroll of enchant weapon {unknown}
 s - a scroll of immolation {unknown}
 t - a scroll of teleportation {unknown}
Potions
 a - a potion of magic
 c - 4 potions of mutation {unknown}
 e - 3 potions of heal wounds {unknown}
 l - a potion of haste {unknown}
 r - a potion of invisibility {unknown}
 u - a potion of cancellation {unknown}


   Skills:
 - Level 2.0 Dodging
 - Level 5.5 Stealth
 - Level 2.0 Spellcasting
 * Level 2.3 Conjurations
 - Level 3.4 Transmutations
 - Level 3.0 Earth Magic


You had 4 spell levels left.
You knew the following spells:

 Your Spells              Type           Power      Damage    Failure   Level
a - Sandblast             Erth           32%        2d9       3%          1
b - Stone Arrow           Conj/Erth      28%        3d8       13%         3

Your spell library contained the following spells:

 Spells                   Type           Power      Damage    Failure   Level
 Passwall                 Tmut/Erth      14%        N/A       5%          2
 Sublimation of Blood     Necr           2%         N/A       19%         2
 Ignite Poison            Fire/Tmut/Pois 7%         N/A       24%         3
 Petrify                  Tmut/Erth      17%        N/A       34%         4
 Sticky Flame             Conj/Fire      7%         2d3       61%         4
 Irradiate                Conj/Tmut      7%         3d14      73%         5
 Ignition                 Fire           1%         3d3       100%        8


Dungeon Overview and Level Annotations

Branches:
Dungeon (4/15)
 Temple: D:4-7

Altars:
Makhleb

Shops:
D:1 [   D:4 :(

Annotations:
D:3 1 runed translucent door, Crazy Yiuf
D:4 Pikel


Innate Abilities, Weirdness & Mutations

You cannot wear most types of armour.
You are amphibious.
You can wear up to eight rings at the same time.
Your skin changes colour to match your surroundings (Stealth+).
Your rubbery body absorbs attacks. (AC +1, EV +1)
You are camouflaged when in or above water. (Stealth+)
You have tentacles for arms and can constrict up to eight enemies at once.


Message History

Thank you for shopping at Jaewkom's Antique Weapon Shop!
There are no items here.
You feel clever.
You feel clumsy.
The +8 flail "Bovisch" {holy, rN+ Int+3 Dex-2} softly glows with a divine radiance!
v - the +8 flail "Bovisch" (weapon)
{holy, rN+ Int+3 Dex-2} 2 lemures come into view.
The lemure shouts!
You hear a shout!
The lemure shouts!
The lemure moves out of view.
Pikel, Merchant of Souls comes into view.
He is wielding a +1 whip of flaming, wearing a +2 robe of willpower and carrying a wand of flame (11).
Pikel moves out of view.
Casting: Sandblast (safe; 3% risk of failure)
Confirm with . or Enter, or press ? or * to list all spells.
Aiming: Sandblast (safe; 3% risk of failure)
Press: ? - help, Shift-Dir - straight line, f - lemure
Aim: a lemure (77% to hit)
The blast of sand hits the lemure.
The lemure is moderately wounded.
Casting: Sandblast (safe; 3% risk of failure)
Confirm with . or Enter, or press ? or * to list all spells.
Aiming: Sandblast (safe; 3% risk of failure)
Press: ? - help, Shift-Dir - straight line, f/p - lemure
Aim: a lemure (moderately wounded, 77% to hit)
The blast of sand hits the lemure but does no damage.
The lemure is moderately wounded.
The lemure closely misses you.
Unknown command.
The lemure attacks as you move away! The lemure hits you.
Found a jewelled ring mail and a fizzy pink potion.
Found Baepui Gest's Book Shoppe.
A lemure comes into view.
The lemure attacks as you move away! The lemure hits you!
The lemure shouts!
The lemure attacks as you move away! The lemure hits you.
The lemure barely misses you. The lemure attacks as you move away!
The lemure hits you!
* * * LOW HITPOINT WARNING * * *
The lemure attacks as you move away! The lemure closely misses you.
The lemure attacks as you move away! The lemure hits you!
You die...

. ..!......## # ..
......[..#.# ...
..........# ....
#.#...#...#
.....##.#.......# #
#∩............ .#
#.##.#5#########.#
#.#....5......##
#K##.K.5@≈≈≈≈≈≈##
#.##....≈∩......#
#5##....≈≈≈≈≈≈≈.#
#...............#
###............##
#............#
##...........#
#...........#
..K..$............####


You could see Pikel and 3 lemures.

Vanquished Creatures
  3 jellies
  A sleepcap (D:3)
  An adder (D:4)
  A dart slug (D:3)
  A worm (D:2)
  2 orcs (D:3)
  6 ball pythons
  10 endoplasms
  3 giant cockroaches
  4 goblins
  2 hobgoblins (D:1)
  2 jackals (D:1)
  14 kobolds
  2 quokkas
  7 bats
  3 frilled lizards
  7 rats
69 creatures vanquished.

Vanquished Creatures (collateral kills)
  A dart slug (D:2)
  A giant cockroach (D:2)
  2 quokkas (D:2)
4 creatures vanquished.

Grand Total: 73 creatures vanquished

Notes
Turn   | Place    | Note
-------+----------+-------------------------------------------
     0 | D:1      | billz999 the Octopode Earth Elementalist began the quest
                  | for the Orb.
     0 | D:1      | Reached XP level 1. HP: 11/11 MP: 3/3
    23 | D:1      | Reached skill level 3 in Stealth
   203 | D:1      | Reached XP level 2. HP: 17/17 MP: 1/5
   271 | D:1      | Found Loic's Antique Armour Shoppe.
   292 | D:1      | Reached skill level 4 in Stealth
   909 | D:2      | Reached XP level 3. HP: 21/21 MP: 4/6
   965 | D:2      | Reached skill level 5 in Stealth
  1189 | D:2      | Learned a level 3 spell: Stone Arrow
  1313 | D:2      | Reached XP level 4. HP: 27/27 MP: 2/7
  1471 | D:2      | Reached XP level 5. HP: 25/31 MP: 3/8
  2040 | D:3      | Reached skill level 1 in Conjurations
  2437 | D:3      | Found a runed translucent door.
  2438 | D:3      | Noticed Crazy Yiuf
  2456 | D:3      | Found a burning altar of Makhleb.
  2458 | D:3      | Noticed a green death
  2462 | D:3      | Noticed a smoke demon
  2462 | D:3      | Noticed a hellwing
  2801 | D:4      | Found Jaewkom's Antique Weapon Shop.
  2828 | D:4      | Bought a bloodstained flail for 161 gold pieces
  2828 | D:4      | Identified the +8 flail "Bovisch" {holy, rN+ Int+3 Dex-2}
                  | (You bought it in a shop on level 4 of the Dungeon)
  2834 | D:4      | Noticed a lemure
  2834 | D:4      | Noticed a lemure
  2835 | D:4      | Noticed Pikel
  2845 | D:4      | Found Baepui Gest's Book Shoppe.
  2846 | D:4      | Noticed a lemure
  2853 | D:4      | Slain by a lemure

Illustrated notes

Levels and vault maps discovered:
D:1:      grunt_arrival_crossed_arrows, layout_loops_ring, serial_shops, shop,
          minmay_misc_feat_square
D:2:      cheibrodos_fertilizer, layout_rooms
D:3:      layout_loops_ring, makhleb_altar_promises_db, minmay_liquid_box,
          uniq_crazy_yiuf_cottage
D:4:      layout_basic, serial_shops, shop, nicolae_shop_peninsula, uniq_pikel

Skill      XL: |  1  2  3  4  5 |
---------------+----------------+-----
Stealth        | 3 4 5 |  5.5
Transmutations | 2 3 |  3.4
Conjurations   | 2 |  2.3
Dodging        | |  2.0
Spellcasting   | |  2.0
Earth Magic    | |  3.0

Action                     |  1- 3 |  4- 6 || total
---------------------------+-------+-------++-------
  Melee: Unarmed           |    18 |       ||    18
         Tentacles         |     9 |       ||     9
         Constrict         |     5 |       ||     5
         Dagger            |     5 |       ||     5
   Fire: Sling             |       |    19 ||    19
  Throw: Dart              |     2 |     2 ||     4
   Cast: Sandblast         |    51 |    47 ||    98
   Stab: Sleeping          |     1 |       ||     1
 Armour: Skin              |     1 |     5 ||     6
  Dodge: Dodged            |    28 |     9 ||    37

Table legend: (Time is in decaauts)
 A = Elapsed time spent in this place.
 B = Non-inter-level travel time spent in this place.
 C = Inter-level travel time spent in this place.
 D = Time resting spent in this place.
 E = Time spent auto-exploring this place.
 F = Levels seen in this place.
 G = Mean time per level.
                   A        B        C        D        E       F      G
               +--------+--------+--------+--------+--------+-----+--------+
         Total |   2906 |   2850 |     56 |    349 |   1977 |   4 |  726.5 |
       Dungeon |   2906 |   2850 |     56 |    349 |   1977 |   4 |  726.5 |
               +--------+--------+--------+--------+--------+-----+--------+

Top non-repeatable levels by time:
     D:3: 948 daAuts
     D:2: 938 daAuts
     D:1: 918 daAuts
     D:4: 101 daAuts
